 Dungeon Crawl Stone Soup version 0.27-a0-808-g60bc5d92e6 (webtiles) character file.

Game seed: 10731641080885095636

152 sizableburger the Digger (level 5, -4/44 (45) HPs)
             Began as a Naga Earth Elementalist on Mar 29, 2021.
             Was an Initiate of Ru.
             Slain by Grinder (5 damage)
             ... on level 3 of the Dungeon.
             The game lasted 00:11:29 (3887 turns).

sizableburger the Digger (Naga Earth Elementalist)  Turns: 3887, Time: 00:11:29

HP:   -4/44 (45)    AC:  3    Str:  9 (10) XL:     5   Next: 34%
MP:   0/9           EV:  9    Int: 15 (17) God:    Ru [......]
Gold: 141           SH:  0    Dex:  8 (11) Spells: 4/10 levels left

rFire    . . .     SeeInvis +   k - +1 spear
rCold    . . .     Faith    .   (no shield)
rNeg     . . .     Spirit   +   c - +0 robe
rPois    +         Reflect  .   (no helmet)
rElec    .         Harm     .   (no cloak)
rCorr    .         Rampage  .   n - +0 pair of gloves
Will     .....                  (no barding)
Stlth    ++........             e - amulet of guardian spirit
HPRegen  0.14/turn              (no ring)
MPRegen  0.11/turn              (no ring)

@: flying, hasted, lightly drained, quick
A: AC +1, large, see invisible, deformed body, poison resistance, slowness 2,
spit poison 1, naga tail 1
a: Spit Poison, Renounce Religion


You were on level 3 of the Dungeon.
You worshipped Ru.
Ru was noncommittal.
You visited 1 branch of the dungeon, and saw 3 of its levels.

You collected 141 gold pieces.

Inventory:

Hand Weapons
 k - a +1 spear (weapon)
Missiles
 a - 13 poisoned darts (quivered)
Armour
 c - a +0 robe (worn)
 n - a +0 pair of gloves (worn)
Jewellery
 e - an amulet of guardian spirit (around neck)
 o - a ring of flight
Scrolls
 d - a scroll of vulnerability
 p - a scroll of noise


   Skills:
 + Level 2.1 Fighting
 + Level 2.0 Polearms
 - Level 1.5 Dodging
 - Level 3.0 Stealth
 - Level 3.0 Spellcasting
 + Level 1.0 Conjurations
 - Level 1.3 Translocations
 - Level 1.0 Transmutations
 - Level 3.3 Earth Magic


You had 4 spell levels left.
You knew the following spells:

 Your Spells              Type           Power      Damage    Failure   Level
a - Sandblast             Erth           24%        2d8       4%          1
b - Blink                 Tloc           N/A        N/A       19%         2
c - Stone Arrow           Conj/Erth      16%        3d8       24%         3

Your spell library contained the following spells:

 Spells                   Type           Power      Damage    Failure   Level
 Passwall                 Tmut/Erth      6%         N/A       12%         2
 Magic Dart               Conj           20%        1d4       13%         1
 Call Imp                 Summ           2%         N/A       30%         2
 Slow                     Hex            2%         N/A       30%         2
 Conjure Flame            Conj/Fire      3%         6-21      43%         3
 Mephitic Cloud           Conj/Pois/Air  3%         N/A       45%         3
 Petrify                  Tmut/Erth      8%         N/A       63%         4
 Lee's Rapid Deconstruct  Erth           6%         3d7*      80%         5


Dungeon Overview and Level Annotations

Branches:
Dungeon (3/15)

Altars:
Makhleb
Qazlal
Ru
Xom

Annotations:
D:3 Grinder


Innate Abilities, Weirdness & Mutations

Your serpentine skin is tough. (AC +1)
You have supernaturally acute eyesight. (SInv)
Armour fits poorly on your strangely shaped body.
Your system is resistant to poisons. (rPois)
You cover ground very slowly.
You can spit poison.
You have a snake-like lower body.


Message History

Grinder barely misses you.
You hit Grinder.
Grinder is heavily wounded.
Grinder barely misses you.
You hit Grinder but do no damage.
Grinder is heavily wounded.
You hit Grinder but do no damage.
Grinder is heavily wounded.
Grinder hits you but does no damage.
You hit Grinder but do no damage.
Grinder is heavily wounded.
Grinder hits you!
* * * LOW HITPOINT WARNING * * *
You hit Grinder but do no damage.
Grinder is heavily wounded.
You closely miss Grinder.
Grinder is heavily wounded.
Grinder hits you.
* * * LOW HITPOINT WARNING * * *
You writhe in agony.
* * * LOW HITPOINT WARNING * * *
You hit Grinder.
Grinder is heavily wounded.
Grinder gestures at you. Pain shoots through your body!
* * * LOW HITPOINT WARNING * * *
You hit Grinder.
Grinder is severely wounded.
You hit Grinder.
Grinder is severely wounded.
Grinder barely misses you.
You closely miss Grinder.
Grinder is severely wounded.
Grinder barely misses you.
You hit Grinder but do no damage.
Grinder is severely wounded.
You hit Grinder.
Grinder is severely wounded.
Grinder hits you.
You die...

### ..# ..# ..#####
########### ...5..#
#.....#.._# ...##.#
#...(.5...# ...##.#
#.....#@._# ...##.#
#.....#####..
...##.#
#............
..###.####.........#
###
#..[ยง...#.####.#
..# ####....#.# #.#
#.######....#.# #.#
..............# #.#
#.######.##...# #.#


You could see Grinder.

Vanquished Creatures
  Jessica (D:3)
  3 gnolls (D:3)
  2 adders (D:3)
  A worm (D:3)
  A dart slug (D:2)
  7 orcs
  6 ball pythons
  8 endoplasms
  2 giant cockroaches (D:1)
  3 goblins
  11 hobgoblins
  4 jackals (D:3)
  A quokka (D:2)
  A bat (D:1)
  3 frilled lizards
  3 kobolds
  5 rats
62 creatures vanquished.

Notes
Turn   | Place    | Note
-------+----------+-------------------------------------------
     0 | D:1      | sizableburger the Naga Earth Elementalist began the quest
                  | for the Orb.
     0 | D:1      | Reached XP level 1. HP: 15/15 MP: 3/3
   370 | D:1      | Reached XP level 2. HP: 5/22 MP: 0/5
   865 | D:1      | Learned a level 2 spell: Blink
  1188 | D:1      | Reached skill level 1 in Fighting
  1376 | D:2      | Reached XP level 3. HP: 31/31 MP: 2/6
  1873 | D:2      | Found a sacrificial altar of Ru.
  1873 | D:2      | Found a stormy altar of Qazlal.
  2021 | D:2      | Became a worshipper of Ru the Awakened
  2168 | D:2      | Reached skill level 1 in Polearms
  2454 | D:3      | Reached XP level 4. HP: 32/38 MP: 7/7
  2507 | D:3      | Reached skill level 1 in Translocations
  2560 | D:3      | Learned a level 3 spell: Stone Arrow
  2882 | D:3      | Noticed Jessica
  3255 | D:3      | Noticed Grinder
  3263 | D:3      | Killed Jessica
  3264 | D:3      | Reached XP level 5. HP: 31/45 MP: 1/9
  3304 | D:3      | Paralysed by a crimson imp for 3 turns
  3787 | D:3      | Found a burning altar of Makhleb.
  3797 | D:3      | Reached skill level 1 in Conjurations
  3812 | D:3      | Found a shimmering altar of Xom.
  3882 | D:3      | HP: 1/44 [Grinder/nerve-wracking pain (4)]
  3887 | D:3      | Slain by Grinder

Illustrated notes

Levels and vault maps discovered:
D:1:      dpeg_arrival_circle_labyrinth_c, layout_loops_ring
D:2:      layout_loops_ring, chequers_temple_overflow_statue_of_worship
D:3:      layout_basic, grunt_temple_overflow_champion_of_chaos, uniq_jessica,
          uniq_terence, uniq_grinder

Skill      XL: |  1  2  3  4  5 |
---------------+----------------+-----
Fighting       | 1 2 |  2.1
Polearms       | 1 2 |  2.0
Translocations | 1 |  1.3
Spellcasting   | 3 |  3.0
Conjurations   | 1 |  1.0
Dodging        | |  1.5
Stealth        | |  3.0
Transmutations | |  1.0
Earth Magic    | |  3.3

Action                   |  1- 3 |  4- 6 || total
-------------------------+-------+-------++-------
Melee: Unarmed           |    19 |       ||    19
       Spear             |    48 |    71 ||   119
Throw: Throwing net      |       |     2 ||     2
       Dart              |       |     1 ||     1
 Cast: Sandblast         |    40 |    24 ||    64
       Blink             |       |     3 ||     3
       Stone Arrow       |       |     6 ||     6
 Abil: Spit Poison       |    18 |    14 ||    32
  Use: Scroll            |       |     5 ||     5
       Potion            |       |     3 ||     3
 Stab: Sleeping          |     6 |     1 ||     7
Armor: Robe              |     8 |    10 ||    18
Dodge: Dodged            |    36 |    38 ||    74

Table legend: (Time is in decaauts)
 A = Elapsed time spent in this place.
 B = Non-inter-level travel time spent in this place.
 C = Inter-level travel time spent in this place.
 D = Time resting spent in this place.
 E = Time spent auto-exploring this place.
 F = Levels seen in this place.
 G = Mean time per level.
                   A        B        C        D        E       F      G
               +--------+--------+--------+--------+--------+-----+--------+
         Total |   4690 |   4414 |    276 |   1192 |   2541 |   3 | 1563.3 |
       Dungeon |   4690 |   4414 |    276 |   1192 |   2541 |   3 | 1563.3 |
               +--------+--------+--------+--------+--------+-----+--------+

Top non-repeatable levels by time:
     D:1: 1955 daAuts
     D:2: 1402 daAuts
     D:3: 1332 daAuts
